 Dungeon Sprint DCSS version 0.21.0 (webtiles) character file.

26961 wojtek the Shatterer (level 13, -1/208 HPs)
             Began as a Minotaur Berserker on Jan 7, 2018.
             Was a High Priest of Trog.
             Engulfed by Lom Lobon's freezing vapour (8 damage)
             ... in the Dungeon (Sprint I: "Red Sonja").
             The game lasted 00:20:51 (5139 turns).

wojtek the Shatterer (Minotaur Berserker)           Turns: 5139, Time: 00:20:51

Health: -1/208     AC: 29    Str: 40    XL:     13   Next: 1%
Magic:  12/12      EV: 14    Int:  4    God:    Trog [*****.]
Gold:   3153       SH:  3    Dex: 11    Spells: 12/12 levels left

rFire    + . .     SeeInvis +   a - +7 morningstar "Reureril" {protect, Fragile Str+9}
rCold    + . .     Gourm    .   E - +0 buckler {AC+3}
rNeg     . . .     Faith    .   q - +0 plate armour {rF+}
rPois    .         Spirit   .   (helmet restricted)
rElec    .         Reflect  .   (no cloak)
rCorr    .         Harm     .   (no gloves)
MR       .....     NoTele   +   (no boots)
Stlth    ..........             t - amulet of the Monkey {*Drain +Rage Slay+3 SInv}
HPRegen  0.44/turn              o - ring of protection from cold
MPRegen  0.13/turn              x - ring of flight

@: berserking, protection aura, very slightly contaminated, very quick
A: retaliatory headbutt, horns 2
0: Orb of Zot
a: Berserk, Trog's Hand, Brothers in Arms, Burn Spellbooks, Renounce Religion,
Evoke Berserk Rage, Evoke Flight


You were in the Dungeon.
You worshipped Trog.
Trog was extremely pleased with you.
You were near starving.

You visited 1 branch You collected 6292 gold pieces.
You spent 3139 gold pieces at shops.

Inventory:

Hand Weapons
 a - the +7 morningstar "Reureril" (weapon) {protect, Fragile Str+9}
   (Trog gifted it to you in the Dungeon)

   It protects the one who uses it against injury (+AC on strike).
   It affects your strength (+9).
   It will be destroyed if unequipped.
 c - the +9 dire flail of Imoskap {freeze, +Blink Dex+3, unknown}
   (Trog gifted it to you in the Dungeon)

   It has been specially enchanted to freeze those struck by it, causing extra
   injury to most foes and up to half again as much damage against particularly
   susceptible opponents.
   It can also slow down cold-blooded creatures.
   It affects your dexterity (+3).
   It lets you blink.
 n - a +6 antimagic dire flail
 r - a +4 great mace of venom
 v - a +7 dire flail of venom
 y - a +2 dire flail of protection
Armour
 b - a +0 animal skin
 k - a +0 ring mail
 q - a +0 plate armour of fire resistance (worn)
 E - a +0 buckler of protection (worn)
Jewellery
 o - a ring of protection from cold (left hand)
 p - an uncursed ring of poison resistance
 t - the amulet of the Monkey (around neck) {*Drain +Rage Slay+3 SInv}
   (You bought it in a shop in the Dungeon)

   [amulet of rage]

   It affects your accuracy and damage with ranged weapons and melee attacks
   (+3).
   It lets you see invisible.
   It lets you go berserk.
   It causes draining when unequipped.
 x - a ring of flight (right hand)
 A - the amulet "Hocruoc" {Harm *Drain Dex+5}
   (You found it in the Dungeon)

   [amulet of harm]

   It increases damage dealt and taken.
   It affects your dexterity (+5).
   It causes draining when unequipped.
Wands
 s - a wand of paralysis (7)
 w - a wand of digging (12)
Scrolls
 j - 2 scrolls of identify
 m - 2 scrolls of remove curse {unknown}
 u - a scroll of amnesia {unknown}
 z - a scroll of fear {unknown}
Potions
 d - 6 potions of curing
 e - 3 potions of heal wounds
 f - 2 potions of haste
 g - 3 potions of magic
 h - a potion of berserk rage
 l - 2 potions of cancellation {unknown}
 F - 2 potions of lignification {unknown}
 G - a potion of resistance
 H - a potion of might
Miscellaneous
 B - a lightning rod (4/4)
 C - a phial of floods
 D - a box of beasts


   Skills:
 + Level 20.2 Fighting
 + Level 22.7 Maces & Flails
 + Level 20.1 Armour
 - Level 12.1 Dodging


You had 12 spell levels left.
You didn't know any spells.

Dungeon Overview and Level Annotations

Branches:
Dungeon (1/1)

Altars:
Cheibriados
Dithmenos
Elyvilon
Fedhas
Gozag
Hepliaklqana
Kikubaaqudgha
Makhleb
Nemelex Xobeh
Okawaru
Qazlal
Ru
Sif Muna
Trog
Uskayaw
Vehumet
Wu Jian
Xom
Yredelemnul
Zin
The Shining One
Jiyva
Lugonu

Shops:
D ?[=}!*![(=}:?:*[}[

Annotations:
D 1 exclusion, Lom Lobon, Tiamat


Innate Abilities, Weirdness & Mutations

You reflexively headbutt those who attack you in melee.
You have a pair of horns on your head.


Message History

* * * LOW HITPOINT WARNING * * *
Your deep troll bites Tiamat!
Your deep troll closely misses Tiamat. x2
Unknown command.
You completely miss Tiamat. You headbutt Tiamat!
Tiamat is lightly wounded.
You are engulfed in freezing vapours.
You resist.
* * * LOW HITPOINT WARNING * * *
Tiamat breathes lightning at you. The bolt of lightning misses you.
The bolt of lightning hits you!
* * * LOW HITPOINT WARNING * * *
The bolt of lightning hits Tiamat.
Tiamat completely resists.
Lom Lobon opens the door.
Your deep troll bites Tiamat but does no damage.
Your deep troll closely misses Tiamat.
Your deep troll claws Tiamat but does no damage.
A red film seems to cover your vision as you go berserk!
You feel yourself moving faster!
You feel mighty!
You are near starving!
You are engulfed in freezing vapours.
You resist.
You die...

.........§####[........###
#≈≈
}......)≈≈##.....).#####
####≈ ......≈≈≈###)(....##
#..#' #..≈≈≈≈### #.....##
#...# '######'####.....#
#....
########∩∩###.#######
#....
∩∩∩∩∩∩∩∩∩###≈≈≈≈≈≈≈≈.
##### ##########
####d######§§ |
#..T.@'&§§§§§ )
############# #


You could see Lom Lobon, Tiamat and a friendly deep troll (berserk).

Vanquished Creatures
  A shadow dragon (D)
  4 fire giants (D)
  A lorocyproca (D)
  A deep elf annihilator (D)
  A mummy priest (D)
  2 centaur warriors (D)
  7 unseen horrors (D)
  A deep troll (D)
  A lindwurm (D)
  2 oklob plants (D)
  A merfolk siren (D)
  A gargoyle (D)
  2 kobold demonologists (D)
  4 demonic crawlers (D)
  A hellwing (D)
  A meliai (D)
  A slime creature (D)
  4 hornets (D)
  2 redbacks (D)
  Sigmund (D)
  A yak (D)
  13 hogs (D)
  2 floating eyes (D)
  7 necrophages (D)
  An ogre (D)
  8 jellies (D)
  Ijyb (D)
  A ballistomycete (D)
73 creatures vanquished.

Vanquished Creatures (collateral kills)
  the Lernaean hydra (D)
  A golden dragon (D)
  A hydra (D)
  Sonja (D)
  A merfolk siren (D)
  A hornet (D)
  A floating eye (D)
7 creatures vanquished.

Vanquished Creatures (others)
  A deep elf master archer (D)
  A gargoyle (D)
  2 ballistomycete spores (D)
4 creatures vanquished.

Grand Total: 84 creatures vanquished

Notes
Turn   | Place    | Note
-------+----------+-------------------------------------------
     0 | D        | wojtek the Minotaur Berserker began the quest for the Orb.
     0 | D        | Reached XP level 1. HP: 19/19 MP: 0/0
     1 | D        | Noticed Ijyb
     7 | D        | Killed Ijyb
     7 | D        | Reached skill level 5 in Maces & Flails
     7 | D        | Reached XP level 2. HP: 28/28 MP: 1/1
    44 | D        | Noticed an ogre
    50 | D        | Killed an ogre
    50 | D        | Reached skill level 7 in Maces & Flails
    50 | D        | Reached skill level 5 in Armour
    50 | D        | Reached XP level 3. HP: 34/37 MP: 2/2
    50 | D        | Reached XP level 4. HP: 41/44 MP: 3/3
   203 | D        | Noticed Sigmund
   214 | D        | Killed Sigmund
   214 | D        | Reached ** piety under Trog
   214 | D        | Reached skill level 10 in Maces & Flails
   214 | D        | Reached XP level 5. HP: 30/52 MP: 4/4
   214 | D        | Reached XP level 6. HP: 35/60 MP: 5/5
   349 | D        | Found a burning altar of Makhleb.
   349 | D        | Found a viscous altar of Jiyva.
   349 | D        | Found a shimmering altar of Xom.
   349 | D        | Found a corrupted altar of Lugonu.
   349 | D        | Noticed a slime creature
   357 | D        | Killed a slime creature
   357 | D        | Reached skill level 11 in Maces & Flails
   402 | D        | Found an ornate altar of the Wu Jian Council.
   402 | D        | Found a deep blue altar of Sif Muna.
   404 | D        | Found a radiant altar of Vehumet.
   435 | D        | Found Jasinir's Armour Emporium.
   435 | D        | Found an ancient bone altar of Kikubaaqudgha.
   435 | D        | Found a hazy altar of Hepliaklqana.
   435 | D        | Found a hide-covered altar of Uskayaw.
   435 | D        | Found a basalt altar of Yredelemnul.
   435 | D        | Found an opulent altar of Gozag.
   435 | D        | Found a snail-covered altar of Cheibriados.
   435 | D        | Found a sacrificial altar of Ru.
   435 | D        | Found a shadowy altar of Dithmenos.
   435 | D        | Noticed a yak
   439 | D        | Killed a yak
   439 | D        | Reached *** piety under Trog
   439 | D        | Reached skill level 12 in Maces & Flails
   439 | D        | Reached XP level 7. HP: 55/70 MP: 6/6
   440 | D        | Found a stormy altar of Qazlal.
   440 | D        | Found a blossoming altar of Fedhas.
   440 | D        | Found a bloodstained altar of Trog.
   440 | D        | Found an iron altar of Okawaru.
   440 | D        | Found a glowing golden altar of the Shining One.
   440 | D        | Found a glowing silver altar of Zin.
   440 | D        | Found a white marble altar of Elyvilon.
   444 | D        | Found a sparkling altar of Nemelex Xobeh.
   518 | D        | Noticed a kobold demonologist
   519 | D        | Noticed a kobold demonologist
   521 | D        | Noticed a sixfirhy
   526 | D        | Noticed a red devil
   526 | D        | Killed a kobold demonologist
   526 | D        | Reached skill level 10 in Fighting
   526 | D        | Reached skill level 13 in Maces & Flails
   526 | D        | Reached XP level 8. HP: 79/79 MP: 7/7
   530 | D        | Killed a kobold demonologist
   530 | D        | Reached **** piety under Trog
   530 | D        | Reached skill level 10 in Armour
   567 | D        | Noticed a centaur warrior
   572 | D        | Noticed a centaur warrior
   593 | D        | Killed a centaur warrior
   593 | D        | Reached skill level 14 in Maces & Flails
   593 | D        | Reached skill level 10 in Dodging
   594 | D        | Killed a centaur warrior
   594 | D        | Reached skill level 15 in Maces & Flails
   594 | D        | Reached XP level 9. HP: 52/90 MP: 8/8
   804 | D        | Paralysed by a hornet for 3 turns
   868 | D        | Noticed a deep troll
   876 | D        | Killed a deep troll
   876 | D        | Reached ***** piety under Trog
   876 | D        | Reached skill level 16 in Maces & Flails
   890 | D        | Found Vuvu's Armour Emporium.
   927 | D        | Noticed an oklob plant
   933 | D        | Killed an oklob plant
  1001 | D        | Reached XP level 10. HP: 99/100 MP: 9/9
  1018 | D        | Paralysed by a floating eye for 2 turns
  1026 | D        | Received a gift from Trog
  1026 | D        | Reached skill level 17 in Maces & Flails
  1357 | D        | Got a warped morningstar {god gift}
  1358 | D        | Identified the +7 morningstar "Reureril" {protect, Fragile Str+9} (Trog gifted it to you in the Dungeon)
  1375 | D        | Received a gift from Trog
  1419 | D        | Found Ufuheff's Gadget Shoppe.
  1419 | D        | Found Eti Ysae's Jewellery Shop.
  1419 | D        | Found Kepheap's Distillery.
  1421 | D        | Found Ymotujop's General Store.
  1421 | D        | Found Wupsoly's Distillery.
  1421 | D        | Found Cuenerph's Antique Armour Shoppe.
  1421 | D        | Found Jascheh's Weapon Boutique.
  1421 | D        | Found Likijyg's Jewellery Emporium.
  1421 | D        | Found Vojopsof's Gadget Shop.
  1421 | D        | Found Gotiacekk's Book Shoppe.
  1425 | D        | Found Cank's Magic Scroll Boutique.
  1426 | D        | Found Baisibb's Assorted Antiques.
  1426 | D        | Found Kantef's Book Boutique.
  1429 | D        | Found Etzuhiov's Gadget Emporium.
  1449 | D        | Bought an uncursed ring of protection from cold for 300 gold pieces
  1450 | D        | Bought an uncursed ring of poison resistance for 240 gold pieces
  1489 | D        | Bought a +0 plate armour of fire resistance for 420 gold pieces
  1536 | D        | Reached ****** piety under Trog
  1541 | D        | Received a gift from Trog
  1551 | D        | Reached skill level 18 in Maces & Flails
  1642 | D        | Noticed a lindwurm
  1645 | D        | Killed a lindwurm
  1674 | D        | Received a gift from Trog
  1707 | D        | Reached skill level 15 in Fighting
  1707 | D        | Reached XP level 11. HP: 108/112 MP: 10/10
  1709 | D        | Received a gift from Trog
  1731 | D        | Noticed a 12-headed hydra
  1732 | D        | Killed a 12-headed hydra
  1732 | D        | Reached skill level 15 in Armour
  1827 | D        | Reached skill level 19 in Maces & Flails
  1870 | D        | Killed a lorocyproca
  2187 | D        | Bought the amulet of the Monkey {*Drain +Rage Slay+3 SInv} for 814 gold pieces
  2380 | D        | Noticed an unseen horror
  2384 | D        | Killed an unseen horror
  2384 | D        | Received a gift from Trog
  2385 | D        | Noticed an unseen horror
  2388 | D        | Killed an unseen horror
  2410 | D        | Noticed Sonja
  2416 | D        | Killed Sonja
  2429 | D        | Found Ryluisi's Magic Scroll Boutique.
  2618 | D        | Bought a wand of digging (14) for 360 gold pieces
  2625 | D        | Bought an uncursed ring of flight for 210 gold pieces
  2906 | D        | Noticed a deep elf annihilator
  2938 | D        | Reached skill level 20 in Maces & Flails
  2940 | D        | Received a gift from Trog
  3165 | D        | Killed a deep elf annihilator
  3175 | D        | Noticed a mummy priest
  3176 | D        | Noticed a shadow wraith
  3187 | D        | Noticed an oklob plant
  3190 | D        | Killed a mummy priest
  3190 | D        | Noticed a reaper
  3196 | D        | Killed an oklob plant
  3303 | D        | Bought a phantom mirror for 300 gold pieces
  3625 | D        | Noticed a shadow dragon
  3654 | D        | Noticed the 27-headed Lernaean hydra
  3657 | D        | Killed the 27-headed Lernaean hydra
  3657 | D        | Reached XP level 12. HP: 127/127 MP: 9/11
  3692 | D        | Noticed a deep elf master archer
  3816 | D        | Found the +8 trident of the Octopus King {venom, rElec rPois MR+}
  3824 | D        | Got a sparkling bronze amulet
  4001 | D        | Killed a deep elf master archer
  4121 | D        | Noticed a golden dragon
  4127 | D        | Killed a shadow dragon
  4127 | D        | Reached skill level 21 in Maces & Flails
  4129 | D        | Killed a golden dragon
  4199 | D        | Found Uthessin's Antique Armour Shoppe.
  4345 | D        | Noticed a daeva
  4358 | D        | Received a gift from Trog
  4539 | D        | Noticed a fire giant
  4551 | D        | Noticed a fire giant
  4553 | D        | Killed a fire giant
  4553 | D        | Reached skill level 22 in Maces & Flails
  4560 | D        | Noticed a fire giant
  4562 | D        | Killed a fire giant
  4568 | D        | Killed a fire giant
  4568 | D        | Received a gift from Trog
  4796 | D        | Got a scorched dire flail {god gift}
  4800 | D        | Noticed a fire giant
  4809 | D        | Killed a fire giant
  4809 | D        | Reached XP level 13. HP: 84/139 MP: 12/12
  4825 | D        | Noticed Tiamat
  5045 | D        | Bought a scroll of blinking for 75 gold pieces
  5045 | D        | Bought a potion of resistance for 100 gold pieces
  5045 | D        | Bought a scroll of identify for 20 gold pieces
  5045 | D        | Identified the amulet "Hocruoc" {Harm *Drain Dex+5} (You found it in the Dungeon)
  5049 | D        | Bought a potion of haste for 120 gold pieces
  5049 | D        | Bought a potion of heal wounds for 60 gold pieces
  5049 | D        | Bought a potion of might for 48 gold pieces
  5049 | D        | Bought a potion of curing for 36 gold pieces
  5049 | D        | Bought a potion of curing for 36 gold pieces
  5129 | D        | Got the Orb of Zot
  5133 | D        | Noticed Lom Lobon
  5138 | D        | HP: 5/139 [Tiamat/bolt of lightning (26)]
  5139 | D        | Engulfed by Lom Lobon's freezing vapour

Skill      XL: |  1  2  3  4  5  6  7  8  9 10 11 12 |
---------------+-------------------------------------+-----
Fighting       | 4 6 7 9 10 11 12 15 17 20 | 20.2
Maces & Flails | 5 7 10 12 13 15 16 18 20 22 | 22.7
Armour         | 3 5 7 8 9 11 12 14 17 20 | 20.1
Dodging        | 3 4 6 8 10 11 12 | 12.1

Action                   |  1- 3 |  4- 6 |  7- 9 | 10-12 | 13-15 || total
-------------------------+-------+-------+-------+-------+-------++-------
Melee: Mace              |     8 |    23 |    45 |    31 |       ||   107
       Headbutt          |     1 |     7 |    13 |    51 |     1 ||    73
       Morningstar       |       |       |       |   156 |     2 ||   158
Invok: Berserk           |     2 |     1 |     4 |     2 |     1 ||    10
       Brothers in Arms  |       |       |       |    10 |     1 ||    11
       Burn Spellbooks   |       |       |       |     1 |       ||     1
 Abil: Evoke Flight      |       |       |       |     2 |       ||     2
Evoke: Wand              |       |       |       |     1 |     1 ||     2
       Phantom mirror    |       |       |       |     1 |       ||     1
  Use: Scroll            |       |       |       |     1 |     3 ||     4
       Potion            |       |       |       |     1 |       ||     1
  Eat: Chunk             |       |       |     6 |     5 |       ||    11
       Ration            |       |       |       |     4 |       ||     4
Armor: Ring mail         |       |     1 |    10 |     2 |       ||    13
       Plate armour      |       |       |       |    76 |       ||    76
Dodge: Dodged            |     2 |    11 |    26 |   106 |     1 ||   146
Block: Buckler           |       |       |       |     6 |       ||     6
